Sewer Rats vs Blackdemons
(R2)
Created - 14 mai 2016 at 20:25
Goals
|
Sewer Rats |
0 |
1 |
0 |
1 |
Blackdemons |
0 |
1 |
3 |
4 |
|
Shots
|
Sewer Rats |
6 |
15 |
7 |
28 |
Blackdemons |
3 |
12 |
15 |
30 |
|
1st period
No Goal
Penalties :
Steve Oleksy (MJM) for Holding (Minor) at 4:01, Shawn Matthias (MJM) for Tripping (Minor) at 19:46
2nd period
1. Sewer Rats , Ville Leino 5 (Peter Mueller, Nick Palmieri) at 7:14
2. Blackdemons , Mathieu Dandenault 1 (Richard Park, Matt Irwin) at 13:39
Penalties :
Patrick Bordeleau (Tol) for Diving (Minor) at 11:48, Michael Haley (MJM) for Hooking (Minor) at 12:41
3rd period
3. Blackdemons , Enver Lisin 5 (Zach Boychuk, Matt Irwin) at 0:56 (PP)
4. Blackdemons , Enver Lisin 6 (Zach Boychuk, Chris Mason) at 6:59 (PP)
5. Blackdemons , Matt Irwin 1 (Patrice Cormier) at 15:21
Penalties :
Vojtech Polak (Tol) for Hooking (Minor) at 0:41, Kyle Quincey (Tol) for Hooking (Minor) at 2:04, Mattias Ekholm (Tol) for Hooking (Minor) at 4:06, Derek Dorsett (Tol) for Holding (Minor) at 6:43, Enver Lisin (MJM) for Tripping (Minor) at 7:30, Zach Boychuk (MJM) for High sticking (Minor) at 11:39, Zach Boychuk (MJM) for Tripping (Minor) at 15:30
Goalie Stats
Richard Bachman (Tol), 26 saves from 30 shots - (0,867), L, 0-2-0, 60:00 minutes
Chris Mason (MJM), 27 saves from 28 shots - (0,964), W, 5-0-0, 60:00 minutes
Players Stats for Sewer Rats
Player Name G A P +/- PIM S H SB GA TA FO MP PP MP PK MP
------------------------------------------------------------------------------------
Derek Dorsett 0 0 0 -1 2 2 1 0 0 0 0/0 12:51 0:17 0:00
Jared Boll 0 0 0 0 0 2 1 1 0 0 0/0 16:39 4:52 0:00
Jarred Tinordi 0 0 0 0 0 0 0 0 0 0 0/0 4:55 0:00 0:00
John-Michael Liles 0 0 0 1 0 2 3 2 2 0 0/0 27:37 7:00 3:32
Jonathan Marchessault 0 0 0 0 0 0 0 0 0 0 0/1 6:13 0:00 0:00
Jonathan Paiement 0 0 0 0 0 0 0 0 0 0 0/0 10:09 0:00 0:53
Kyle Quincey 0 0 0 -2 2 0 1 0 0 0 0/0 17:20 3:48 0:57
Kyle Turris 0 0 0 0 0 1 3 0 0 2 1/7 16:56 4:52 0:54
Lars Eller 0 0 0 0 0 3 2 0 0 0 5/10 12:43 0:04 0:00
Matt Lashoff 0 0 0 -2 0 0 0 0 0 1 0/0 18:12 3:48 1:50
Mattias Ekholm 0 0 0 0 2 0 1 0 0 0 0/0 5:16 0:00 0:00
Nick Palmieri 0 1 1 0 0 1 2 0 0 0 1/1 20:23 5:52 0:46
Patrick Bordeleau 0 0 0 0 2 2 1 0 0 0 0/0 13:27 0:00 0:57
Peter Mueller 0 1 1 0 0 3 1 0 1 0 7/25 23:09 5:52 3:10
Steven Kampfer 0 0 0 0 0 2 0 1 0 0 0/0 9:16 0:00 0:00
Tim Ramholt 0 0 0 1 0 1 2 1 1 1 0/0 27:37 7:00 3:32
Tom Sestito 0 0 0 0 0 1 0 0 0 1 1/1 6:32 0:00 0:13
Ville Leino 1 0 1 -1 0 5 0 0 2 0 6/12 25:23 5:43 2:48
Vojtech Polak 0 0 0 0 2 3 4 2 0 1 0/0 18:49 4:52 1:56
Players Stats for Blackdemons
Player Name G A P +/- PIM S H SB GA TA FO MP PP MP PK MP
------------------------------------------------------------------------------------
Andrew MacDonald 0 0 0 0 0 1 0 1 0 0 0/0 20:34 1:45 4:29
Barry Tallackson 0 0 0 0 0 5 0 1 0 0 0/0 20:48 2:03 5:51
Bryan Rust 0 0 0 0 0 0 1 0 0 0 0/0 4:14 0:39 0:00
Enver Lisin 2 0 2 0 2 7 3 1 1 0 6/9 24:45 2:56 5:02
Eric Wellwood 0 0 0 0 0 1 0 0 0 1 0/0 13:20 0:33 1:32
Jakub Kindl 0 0 0 0 0 1 2 1 0 0 0/0 20:34 1:45 4:29
Jeffrey Foss 0 0 0 0 0 0 0 0 0 0 0/0 11:10 0:00 0:00
Mathieu Dandenault 1 0 1 1 0 3 1 0 2 0 1/1 14:16 0:00 2:47
Matt Hunwick 0 0 0 1 0 0 2 1 0 0 0/0 28:16 3:37 6:19
Matt Irwin 1 2 3 1 0 4 1 5 2 2 0/0 28:16 3:37 6:19
Michael Haley 0 0 0 0 2 3 1 0 1 1 1/1 14:32 2:02 0:01
Patrice Cormier 0 1 1 0 0 1 1 0 0 2 13/18 17:00 0:00 2:40
Richard Park 0 1 1 1 0 0 3 0 0 0 0/0 7:49 0:00 2:47
Shawn Matthias 0 0 0 0 2 0 2 0 0 0 12/20 15:16 2:53 0:00
Steve Oleksy 0 0 0 0 2 0 2 0 0 0 0/0 11:11 0:00 0:00
Steven Zalewski 0 0 0 0 0 0 1 0 0 0 0/0 5:33 0:00 0:56
Wayne Primeau 0 0 0 0 0 3 0 0 0 0 2/7 13:09 2:03 0:00
Zach Boychuk 0 2 2 0 4 1 1 0 0 0 1/1 17:17 2:56 0:00
3 Stars
1 - Matt Irwin (MJM)
2 - Enver Lisin (MJM)
3 - Chris Mason (MJM)
Power Play
Sewer Rats - 0 on 6 Attempt(s) - 0,00%
Blackdemons - 2 on 5 Attempt(s) - 40,00%
Penalty Kill
Sewer Rats - 3 on 5 Attempt(s) - 60,00%
- Score 0 goal in Penalty Kill
Blackdemons - 6 on 6 Attempt(s) - 100,00%
- Score 0 goal in Penalty Kill
Team Stat
Sewer Rats - Hits : 22 - Faceoff Wins : 21 - Blocked Shots : 7 - Penalty Minutes : 10
Blackdemons - Hits : 21 - Faceoff Wins : 36 - Blocked Shots : 10 - Penalty Minutes : 12
Official
Referees : StPierre Justin and Leggo Mike
Linesman : Mark Pare and Ryan Galloway
Game Notes
No Game Note
Finance
Level 1 -- Attendance: 2000 (100,00%) -- Ticket Income 60 000 $
Level 2 -- Attendance: 1000 (100,00%) -- Ticket Income 10 000 $
Total Attendance: 3000 (100,00%)
Total Ticket Income: 70 000 $
Other Income: 3 500 $
Total Income: 73 500 $
Sewer Rats
5 vs 5 Forward
Center Left Wing Right Wing Time % Phy DF OF
1 Peter Mueller Ville Leino Nick Palmieri 40 1 2 2
2 Kyle Turris Vojtech Polak Jared Boll 30 1 2 2
3 Lars Eller Patrick Bordeleau Derek Dorsett 20 1 2 2
4 Jonathan Marchessault Tom Sestito Ville Leino 10 1 2 2
5 vs 5 Defense
Defense Defense Time % Phy DF OF
1 Tim Ramholt John-Michael Liles 40 1 2 2
2 Matt Lashoff Kyle Quincey 30 1 2 2
3 Steven Kampfer Jonathan Paiement 20 1 2 2
4 Mattias Ekholm Jarred Tinordi 10 1 2 2
PowerPlay Forward
Center Left Wing Right Wing Time % Phy DF OF
1 Peter Mueller Ville Leino Nick Palmieri 60 1 2 2
2 Kyle Turris Vojtech Polak Jared Boll 40 1 2 2
PowerPlay Defense
Defense Defense Time % Phy DF OF
1 Tim Ramholt John-Michael Liles 60 1 2 2
2 Matt Lashoff Kyle Quincey 40 1 2 2
Penalty Kill 4 Players Forward
Center Wing Time % Phy DF OF
1 Ville Leino Peter Mueller 60 1 2 2
2 Nick Palmieri Vojtech Polak 40 1 2 2
Penalty Kill 4 Players Defense
Defense Defense Time % Phy DF OF
1 Tim Ramholt John-Michael Liles 60 1 2 2
2 Matt Lashoff Kyle Quincey 40 1 2 2
Penalty Kill - 3 Players Forward
Forward Time % Phy DF OF
1 Ville Leino 60 1 2 2
2 Peter Mueller 40 1 2 2
Penalty Kill - 3 Players Defense
Defense Defense Time % Phy DF OF
1 Tim Ramholt John-Michael Liles 60 1 2 2
2 Matt Lashoff Kyle Quincey 40 1 2 2
4 vs 4 Forward
Center Wing Time % Phy DF OF
1 Ville Leino Peter Mueller 60 1 2 2
2 Nick Palmieri Vojtech Polak 40 1 2 2
4 vs 4 Defense
Defense Defense Time % Phy DF OF
1 Tim Ramholt John-Michael Liles 60 1 2 2
2 Matt Lashoff Kyle Quincey 40 1 2 2
Last Minutes Offensive
Center Left Wing Right Wing Defense Defense
Peter Mueller Ville Leino Nick Palmieri Tim Ramholt John-Michael Liles
Last Minutes Defensive
Center Left Wing Right Wing Defense Defense
Peter Mueller Ville Leino Nick Palmieri Tim Ramholt John-Michael Liles
Goaltenders
Starting : Richard Bachman
Backup : Martin Biron
Extra Forwards
Normal : Derek Dorsett, Lars Eller, Patrick Bordeleau - PP : Derek Dorsett, Lars Eller - PK : Patrick Bordeleau
Extra Defensemen
Normal : Steven Kampfer, Jonathan Paiement, Mattias Ekholm - PP : Steven Kampfer - PK : Jonathan Paiement, Mattias Ekholm
Penalty Shots
Ville Leino, Peter Mueller, Nick Palmieri, Vojtech Polak, Jared Boll
Blackdemons
5 vs 5 Forward
Center Left Wing Right Wing Time % Phy DF OF
1 Patrice Cormier Zach Boychuk Enver Lisin 40 1 2 2
2 Shawn Matthias Michael Haley Barry Tallackson 30 1 2 2
3 Wayne Primeau Eric Wellwood Mathieu Dandenault 20 1 2 2
4 Steven Zalewski Enver Lisin Richard Park 10 1 2 2
5 vs 5 Defense
Defense Defense Time % Phy DF OF
1 Matt Hunwick Matt Irwin 40 1 2 2
2 Jakub Kindl Andrew MacDonald 30 1 2 2
3 Steve Oleksy Jeffrey Foss 20 1 2 2
4 Matt Hunwick Matt Irwin 10 1 2 2
PowerPlay Forward
Center Left Wing Right Wing Time % Phy DF OF
1 Shawn Matthias Zach Boychuk Enver Lisin 60 1 2 2
2 Wayne Primeau Michael Haley Barry Tallackson 40 1 2 2
PowerPlay Defense
Defense Defense Time % Phy DF OF
1 Matt Hunwick Matt Irwin 60 1 2 2
2 Jakub Kindl Andrew MacDonald 40 1 2 2
Penalty Kill 4 Players Forward
Center Wing Time % Phy DF OF
1 Enver Lisin Barry Tallackson 60 1 2 2
2 Mathieu Dandenault Richard Park 40 1 2 2
Penalty Kill 4 Players Defense
Defense Defense Time % Phy DF OF
1 Matt Hunwick Matt Irwin 60 1 2 2
2 Jakub Kindl Andrew MacDonald 40 1 2 2
Penalty Kill - 3 Players Forward
Forward Time % Phy DF OF
1 Enver Lisin 60 1 2 2
2 Barry Tallackson 40 1 2 2
Penalty Kill - 3 Players Defense
Defense Defense Time % Phy DF OF
1 Matt Hunwick Matt Irwin 60 1 2 2
2 Jakub Kindl Andrew MacDonald 40 1 2 2
4 vs 4 Forward
Center Wing Time % Phy DF OF
1 Enver Lisin Barry Tallackson 60 1 2 2
2 Mathieu Dandenault Richard Park 40 1 2 2
4 vs 4 Defense
Defense Defense Time % Phy DF OF
1 Matt Hunwick Matt Irwin 60 1 2 2
2 Jakub Kindl Andrew MacDonald 40 1 2 2
Last Minutes Offensive
Center Left Wing Right Wing Defense Defense
Shawn Matthias Zach Boychuk Enver Lisin Matt Hunwick Matt Irwin
Last Minutes Defensive
Center Left Wing Right Wing Defense Defense
Shawn Matthias Zach Boychuk Enver Lisin Matt Hunwick Matt Irwin
Goaltenders
Starting : Chris Mason
Backup : Andrew Hammond
Extra Forwards
Normal : Bryan Rust, Eric Wellwood, Patrice Cormier - PP : Bryan Rust, Eric Wellwood - PK : Patrice Cormier
Extra Defensemen
Normal : Steve Oleksy, Jeffrey Foss, Jakub Kindl - PP : Steve Oleksy - PK : Jeffrey Foss, Jakub Kindl
Penalty Shots
Enver Lisin, Barry Tallackson, Mathieu Dandenault, Richard Park, Shawn Matthias
% Time on Ice - Sewer Rats
Lines # - Real PCT - Wanted PCT - Time Play
Normal Forward
1 - 32% - 40% - 13:31
2 - 26% - 30% - 11:10
3 - 28% - 20% - 11:50
4 - 15% - 10% - 6:13
Normal Defense
1 - 39% - 40% - 16:29
2 - 28% - 30% - 12:04
3 - 22% - 20% - 9:16
4 - 12% - 10% - 4:55
PP Forward
1 - 55% - 60% - 5:56
2 - 45% - 40% - 4:52
PP Defense
1 - 65% - 60% - 7:00
2 - 35% - 40% - 3:48
PK Forward
1 - 86% - 60% - 4:36
2 - 14% - 40% - 0:46
PK Defense
1 - 66% - 60% - 3:32
2 - 34% - 40% - 1:50
PK3 Forward
1 - 0% - 60%
2 - 0% - 40%
PK3 Defense
1 - 0% - 60%
2 - 0% - 40%
44 Forward
1 - 70% - 60% - 0:46
2 - 30% - 40% - 0:20
44 Defense
1 - 55% - 60% - 0:36
2 - 45% - 40% - 0:30
Last Minute Offensive - 0:00
Last Minute Defensive - 0:00
Total
Forward - 60:00
Defense - 60:00
|
% Time on Ice - Blackdemons
Lines # - Real PCT - Wanted PCT - Time Play
Normal Forward
1 - 34% - 40% - 14:34
2 - 29% - 30% - 12:31
3 - 26% - 20% - 11:03
4 - 11% - 10% - 4:36
Normal Defense
1 - 38% - 40% - 16:16
2 - 33% - 30% - 14:12
3 - 26% - 20% - 11:10
4 - 3% - 10% - 1:06
PP Forward
1 - 62% - 60% - 3:19
2 - 38% - 40% - 2:03
PP Defense
1 - 67% - 60% - 3:37
2 - 33% - 40% - 1:45
PK Forward
1 - 74% - 60% - 8:01
2 - 26% - 40% - 2:47
PK Defense
1 - 58% - 60% - 6:19
2 - 42% - 40% - 4:29
PK3 Forward
1 - 0% - 60%
2 - 0% - 40%
PK3 Defense
1 - 0% - 60%
2 - 0% - 40%
44 Forward
1 - 83% - 60% - 0:55
2 - 17% - 40% - 0:11
44 Defense
1 - 88% - 60% - 0:58
2 - 12% - 40% - 0:08
Last Minute Offensive - 0:00
Last Minute Defensive - 0:00
Total
Forward - 60:00
Defense - 60:00
|
Play by Play
1st period
0:01 of 1st period - Patrice Cormier wins face-off versus Peter Mueller in neutral zone.
0:06 of 1st period - Wrist shot by Zach Boychuk.
0:06 of 1st period - Shot Misses the Net.
0:08 of 1st period - Snap shot by Patrice Cormier.
0:08 of 1st period - Shot Misses the Net.
0:10 of 1st period - Slapshot by Matt Irwin.
0:10 of 1st period - Stopped by Richard Bachman without a rebound.
0:11 of 1st period - Kyle Turris wins face-off versus Shawn Matthias in Sewer Rats zone.
3:23 of 1st period - Slapshot by Andrew MacDonald.
3:23 of 1st period - Shot Misses the Net.
3:43 of 1st period - Steve Oleksy is hit by Lars Eller and loses puck.
4:01 of 1st period - Minor Penalty to Steve Oleksy for Holding.
4:02 of 1st period - Enver Lisin wins face-off versus Kyle Turris in Blackdemons zone.
4:16 of 1st period - Vojtech Polak is hit by Enver Lisin and loses puck.
4:29 of 1st period - Tim Ramholt is hit by Richard Park.
5:43 of 1st period - Tim Ramholt is hit by Matt Hunwick and loses puck.
6:01 of 1st period - Penalty to Steve Oleksy is over, Steve Oleksy is back on ice.
6:28 of 1st period - Ville Leino is hit by Steve Oleksy and loses puck.
6:41 of 1st period - Patrick Bordeleau is hit by Enver Lisin and loses puck.
7:29 of 1st period - Steven Kampfer is hit by Shawn Matthias and loses puck.
7:54 of 1st period - Jakub Kindl is hit by Kyle Quincey and loses puck.
8:15 of 1st period - Barry Tallackson is hit by Kyle Turris and loses puck.
8:41 of 1st period - Snap shot by Enver Lisin.
8:41 of 1st period - Stopped by Richard Bachman with a rebound.
8:55 of 1st period - Snap shot by Barry Tallackson.
8:55 of 1st period - Shot Blocked by Vojtech Polak.
9:09 of 1st period - Steven Kampfer is hit by Richard Park and loses puck.
9:55 of 1st period - Enver Lisin is hit by Mattias Ekholm and loses puck.
10:20 of 1st period - Kyle Quincey is hit by Shawn Matthias and loses puck.
10:43 of 1st period - Vojtech Polak is hit by Steve Oleksy.
12:16 of 1st period - Slapshot by Eric Wellwood.
12:16 of 1st period - Shot Misses the Net.
13:06 of 1st period - Nick Palmieri is hit by Jakub Kindl and loses puck.
13:51 of 1st period - Snap shot by Shawn Matthias.
13:51 of 1st period - Shot Blocked by John-Michael Liles.
16:22 of 1st period - Vojtech Polak is hit by Patrice Cormier and loses puck.
16:39 of 1st period - Patrick Bordeleau is hit by Mathieu Dandenault and loses puck.
16:44 of 1st period - Slapshot by Eric Wellwood.
16:44 of 1st period - Stopped by Richard Bachman without a rebound.
16:45 of 1st period - Shawn Matthias wins face-off versus Peter Mueller in Sewer Rats zone.
16:56 of 1st period - Jeffrey Foss is hit by Nick Palmieri and loses puck.
17:10 of 1st period - Icing by John-Michael Liles.
17:11 of 1st period - Lars Eller wins face-off versus Patrice Cormier in Sewer Rats zone.
17:40 of 1st period - Slapshot by Jared Boll.
17:40 of 1st period - Shot Blocked by Matt Irwin.
17:42 of 1st period - Backhand shot by Kyle Turris.
17:42 of 1st period - Stopped by Chris Mason without a rebound.
17:43 of 1st period - Nick Palmieri wins face-off versus Shawn Matthias in Blackdemons zone.
17:54 of 1st period - Wrist shot by Nick Palmieri.
17:54 of 1st period - Shot Blocked by Andrew MacDonald.
17:56 of 1st period - Snap shot by Peter Mueller.
17:56 of 1st period - Stopped by Chris Mason with a rebound.
18:08 of 1st period - Vojtech Polak is hit by Enver Lisin and loses puck.
18:28 of 1st period - Wrist shot by Lars Eller.
18:28 of 1st period - Stopped by Chris Mason with a rebound.
18:50 of 1st period - Wrist shot by Peter Mueller.
18:50 of 1st period - Shot Blocked by Matt Irwin.
18:52 of 1st period - Slapshot by Mattias Ekholm.
18:52 of 1st period - Shot Blocked by Matt Irwin.
18:54 of 1st period - Wrist shot by Nick Palmieri.
18:54 of 1st period - Shot Misses the Net.
18:56 of 1st period - Snap shot by Ville Leino.
18:56 of 1st period - Stopped by Chris Mason without a rebound.
18:57 of 1st period - Michael Haley wins face-off versus Kyle Turris in Blackdemons zone.
19:10 of 1st period - Snap shot by Vojtech Polak.
19:10 of 1st period - Stopped by Chris Mason with a rebound.
19:12 of 1st period - Wrist shot by Jared Boll.
19:12 of 1st period - Stopped by Chris Mason without a rebound.
19:13 of 1st period - Zach Boychuk wins face-off versus Peter Mueller in Blackdemons zone.
19:46 of 1st period - Minor Penalty to Shawn Matthias for Tripping.
19:47 of 1st period - Peter Mueller wins face-off versus Enver Lisin in Blackdemons zone.
19:53 of 1st period - Wrist shot by Peter Mueller.
19:53 of 1st period - Shot Misses the Net.
Goals for this period are 0 for Sewer Rats vs 0 for Blackdemons.
Shots for this period are 6 for Sewer Rats vs 3 for Blackdemons.
2nd period
0:01 of 2nd period - Enver Lisin wins face-off versus Peter Mueller in neutral zone.
0:34 of 2nd period - Wrist shot by Mathieu Dandenault.
0:34 of 2nd period - Stopped by Richard Bachman with a rebound.
1:21 of 2nd period - Off-side.
1:22 of 2nd period - Patrice Cormier wins face-off versus Peter Mueller in neutral zone.
1:26 of 2nd period - Icing by Tim Ramholt.
1:27 of 2nd period - Enver Lisin wins face-off versus Ville Leino in Sewer Rats zone.
1:28 of 2nd period - Snap shot by Barry Tallackson.
1:28 of 2nd period - Stopped by Richard Bachman with a rebound.
1:46 of 2nd period - Penalty to Shawn Matthias is over, Shawn Matthias is back on ice.
2:33 of 2nd period - Wrist shot by Nick Palmieri.
2:33 of 2nd period - Stopped by Chris Mason without a rebound.
2:34 of 2nd period - Shawn Matthias wins face-off versus Peter Mueller in Blackdemons zone.
3:01 of 2nd period - Snap shot by Mathieu Dandenault.
3:01 of 2nd period - Shot Blocked by Vojtech Polak.
3:19 of 2nd period - Slapshot by Derek Dorsett.
3:19 of 2nd period - Shot Misses the Net.
3:21 of 2nd period - Snap shot by Patrick Bordeleau.
3:21 of 2nd period - Stopped by Chris Mason with a rebound.
3:23 of 2nd period - Wrist shot by Lars Eller.
3:23 of 2nd period - Shot Misses the Net.
3:25 of 2nd period - Slapshot by Steven Kampfer.
3:25 of 2nd period - Stopped by Chris Mason with a rebound.
4:54 of 2nd period - Snap shot by Matt Irwin.
4:54 of 2nd period - Stopped by Richard Bachman with a rebound.
5:06 of 2nd period - Snap shot by Ville Leino.
5:06 of 2nd period - Stopped by Chris Mason without a rebound.
5:07 of 2nd period - Lars Eller wins face-off versus Patrice Cormier in Blackdemons zone.
5:18 of 2nd period - Backhand shot by Derek Dorsett.
5:18 of 2nd period - Deflect By Lars Eller.
5:18 of 2nd period - Stopped by Chris Mason with a rebound.
5:22 of 2nd period - Slapshot by Lars Eller.
5:22 of 2nd period - Stopped by Chris Mason with a rebound.
5:32 of 2nd period - Slapshot by Andrew MacDonald.
5:32 of 2nd period - Shot Misses the Net.
5:34 of 2nd period - Snap shot by Michael Haley.
5:34 of 2nd period - Stopped by Richard Bachman without a rebound.
5:35 of 2nd period - Shawn Matthias wins face-off versus Kyle Turris in Sewer Rats zone.
5:35 of 2nd period - Shawn Matthias is hit by Tim Ramholt.
5:41 of 2nd period - Wrist shot by Barry Tallackson.
5:41 of 2nd period - Stopped by Richard Bachman without a rebound.
5:42 of 2nd period - Patrice Cormier wins face-off versus Peter Mueller in Sewer Rats zone.
5:49 of 2nd period - Slapshot by Zach Boychuk.
5:49 of 2nd period - Stopped by Richard Bachman without a rebound.
5:50 of 2nd period - Patrice Cormier wins face-off versus Peter Mueller in Sewer Rats zone.
6:05 of 2nd period - Slapshot by Zach Boychuk.
6:05 of 2nd period - Deflect By Enver Lisin.
6:05 of 2nd period - Stopped by Richard Bachman with a rebound.
7:14 of 2nd period - Snap shot by Ville Leino.
7:14 of 2nd period - Goal by Ville Leino - Sewer Rats : 1 - Blackdemons : 0.
7:15 of 2nd period - Shawn Matthias wins face-off versus Kyle Turris in neutral zone.
7:40 of 2nd period - Jakub Kindl is hit by Derek Dorsett and loses puck.
7:59 of 2nd period - Wrist shot by Tom Sestito.
7:59 of 2nd period - Stopped by Chris Mason with a rebound.
9:03 of 2nd period - Tom Sestito is hit by Bryan Rust and loses puck.
10:17 of 2nd period - Slapshot by Kyle Turris.
10:17 of 2nd period - Shot Blocked by Jakub Kindl.
11:48 of 2nd period - Minor Penalty to Patrick Bordeleau for Diving.
11:49 of 2nd period - Ville Leino wins face-off versus Shawn Matthias in Sewer Rats zone.
12:11 of 2nd period - Snap shot by Barry Tallackson.
12:11 of 2nd period - Stopped by Richard Bachman with a rebound.
12:13 of 2nd period - Snap shot by Wayne Primeau.
12:13 of 2nd period - Shot Blocked by John-Michael Liles.
12:15 of 2nd period - Snap shot by Barry Tallackson.
12:15 of 2nd period - Shot Misses the Net.
12:39 of 2nd period - Snap shot by Tim Ramholt.
12:39 of 2nd period - Shot Blocked by Matt Irwin.
12:41 of 2nd period - Minor Penalty to Michael Haley for Hooking.
12:42 of 2nd period - Enver Lisin wins face-off versus Ville Leino in Blackdemons zone.
12:42 of 2nd period - Enver Lisin is hit by Peter Mueller.
12:48 of 2nd period - Peter Mueller is hit by Matt Hunwick and loses puck.
13:03 of 2nd period - Matt Hunwick is hit by John-Michael Liles and loses puck.
13:16 of 2nd period - Barry Tallackson is hit by Vojtech Polak and loses puck.
13:39 of 2nd period - Wrist shot by Mathieu Dandenault.
13:39 of 2nd period - Goal by Mathieu Dandenault - Sewer Rats : 1 - Blackdemons : 1.
13:40 of 2nd period - Ville Leino wins face-off versus Enver Lisin in neutral zone.
13:47 of 2nd period - Slapshot by John-Michael Liles.
13:47 of 2nd period - Stopped by Chris Mason without a rebound.
13:48 of 2nd period - Penalty to Patrick Bordeleau is over, Patrick Bordeleau is back on ice.
13:48 of 2nd period - Enver Lisin wins face-off versus Ville Leino in Blackdemons zone.
14:41 of 2nd period - Penalty to Michael Haley is over, Michael Haley is back on ice.
14:56 of 2nd period - Snap shot by Wayne Primeau.
14:56 of 2nd period - Stopped by Richard Bachman without a rebound.
14:57 of 2nd period - Peter Mueller wins face-off versus Wayne Primeau in Sewer Rats zone.
14:57 of 2nd period - Peter Mueller is hit by Jakub Kindl.
15:07 of 2nd period - Wrist shot by Peter Mueller.
15:07 of 2nd period - Stopped by Chris Mason with a rebound.
15:09 of 2nd period - Slapshot by Steven Kampfer.
15:09 of 2nd period - Stopped by Chris Mason without a rebound.
15:10 of 2nd period - Patrice Cormier wins face-off versus Kyle Turris in Blackdemons zone.
15:10 of 2nd period - Jakub Kindl is hit by Kyle Turris and loses puck.
15:25 of 2nd period - Snap shot by Enver Lisin.
15:25 of 2nd period - Shot Blocked by Jared Boll.
15:35 of 2nd period - Barry Tallackson is hit by Nick Palmieri and loses puck.
16:00 of 2nd period - Slapshot by Andrew MacDonald.
16:00 of 2nd period - Deflect By Eric Wellwood.
16:00 of 2nd period - Shot Misses the Net.
16:00 of 2nd period - Puck is out of play.
16:01 of 2nd period - Lars Eller wins face-off versus Wayne Primeau in Sewer Rats zone.
17:01 of 2nd period - Enver Lisin is hit by Lars Eller and loses puck.
17:06 of 2nd period - Slapshot by Lars Eller.
17:06 of 2nd period - Shot Hit the Post.
17:08 of 2nd period - Slapshot by Derek Dorsett.
17:08 of 2nd period - Shot Misses the Net.
17:10 of 2nd period - Slapshot by Derek Dorsett.
17:10 of 2nd period - Shot Blocked by Enver Lisin.
17:12 of 2nd period - Snap shot by Patrick Bordeleau.
17:12 of 2nd period - Stopped by Chris Mason with a rebound.
17:32 of 2nd period - Snap shot by Derek Dorsett.
17:32 of 2nd period - Stopped by Chris Mason with a rebound.
17:34 of 2nd period - Snap shot by John-Michael Liles.
17:34 of 2nd period - Stopped by Chris Mason without a rebound.
17:35 of 2nd period - Peter Mueller wins face-off versus Shawn Matthias in Blackdemons zone.
18:00 of 2nd period - Matt Hunwick is hit by Vojtech Polak and loses puck.
18:09 of 2nd period - Slapshot by Mathieu Dandenault.
18:09 of 2nd period - Stopped by Richard Bachman with a rebound.
18:23 of 2nd period - Slapshot by Ville Leino.
18:23 of 2nd period - Stopped by Chris Mason with a rebound.
18:25 of 2nd period - Snap shot by Tom Sestito.
18:25 of 2nd period - Shot Misses the Net.
18:58 of 2nd period - Wrist shot by Wayne Primeau.
18:58 of 2nd period - Stopped by Richard Bachman with a rebound.
19:34 of 2nd period - Icing by Michael Haley.
19:35 of 2nd period - Wayne Primeau wins face-off versus Jonathan Marchessault in Blackdemons zone.
Goals for this period are 1 for Sewer Rats vs 1 for Blackdemons.
Shots for this period are 15 for Sewer Rats vs 12 for Blackdemons.
3rd period
0:01 of 3rd period - Patrice Cormier wins face-off versus Peter Mueller in neutral zone.
0:14 of 3rd period - Wrist shot by Zach Boychuk.
0:14 of 3rd period - Deflect By Tim Ramholt.
0:14 of 3rd period - Shot Blocked by Tim Ramholt.
0:14 of 3rd period - Puck is out of play.
0:15 of 3rd period - Patrice Cormier wins face-off versus Peter Mueller in Sewer Rats zone.
0:41 of 3rd period - Minor Penalty to Vojtech Polak for Hooking.
0:42 of 3rd period - Shawn Matthias wins face-off versus Ville Leino in Sewer Rats zone.
0:44 of 3rd period - Slapshot by Enver Lisin.
0:44 of 3rd period - Shot Hit the Post.
0:56 of 3rd period - Wrist shot by Enver Lisin.
0:56 of 3rd period - Goal by Enver Lisin - Sewer Rats : 1 - Blackdemons : 2.
0:57 of 3rd period - Peter Mueller wins face-off versus Patrice Cormier in neutral zone.
1:23 of 3rd period - Shawn Matthias is hit by Kyle Turris.
1:31 of 3rd period - Slapshot by Jared Boll.
1:31 of 3rd period - Stopped by Chris Mason with a rebound.
1:33 of 3rd period - Snap shot by Vojtech Polak.
1:33 of 3rd period - Stopped by Chris Mason with a rebound.
1:46 of 3rd period - Matt Hunwick is hit by John-Michael Liles and loses puck.
1:51 of 3rd period - Slapshot by Wayne Primeau.
1:51 of 3rd period - Stopped by Richard Bachman without a rebound.
1:52 of 3rd period - Wayne Primeau wins face-off versus Peter Mueller in Sewer Rats zone.
2:04 of 3rd period - Minor Penalty to Kyle Quincey for Hooking.
2:05 of 3rd period - Ville Leino wins face-off versus Shawn Matthias in Sewer Rats zone.
4:04 of 3rd period - Penalty to Kyle Quincey is over, Kyle Quincey is back on ice.
4:06 of 3rd period - Minor Penalty to Mattias Ekholm for Hooking.
4:07 of 3rd period - Ville Leino wins face-off versus Shawn Matthias in Sewer Rats zone.
4:14 of 3rd period - Kyle Quincey is hit by Zach Boychuk and loses puck.
4:56 of 3rd period - Shawn Matthias is hit by Vojtech Polak.
6:06 of 3rd period - Penalty to Mattias Ekholm is over, Mattias Ekholm is back on ice.
6:15 of 3rd period - Icing by Tim Ramholt.
6:16 of 3rd period - Ville Leino wins face-off versus Wayne Primeau in Sewer Rats zone.
6:25 of 3rd period - Slapshot by Tim Ramholt.
6:25 of 3rd period - Stopped by Chris Mason with a rebound.
6:27 of 3rd period - Slapshot by Ville Leino.
6:27 of 3rd period - Deflect By Peter Mueller.
6:27 of 3rd period - Stopped by Chris Mason without a rebound.
6:28 of 3rd period - Shawn Matthias wins face-off versus Lars Eller in Blackdemons zone.
6:43 of 3rd period - Minor Penalty to Derek Dorsett for Holding.
6:44 of 3rd period - Shawn Matthias wins face-off versus Ville Leino in Sewer Rats zone.
6:45 of 3rd period - Snap shot by Enver Lisin.
6:45 of 3rd period - Stopped by Richard Bachman without a rebound.
6:46 of 3rd period - Ville Leino wins face-off versus Shawn Matthias in Sewer Rats zone.
6:59 of 3rd period - Snap shot by Enver Lisin.
6:59 of 3rd period - Goal by Enver Lisin - Sewer Rats : 1 - Blackdemons : 3.
7:00 of 3rd period - Patrice Cormier wins face-off versus Peter Mueller in neutral zone.
7:03 of 3rd period - Slapshot by Matt Irwin.
7:03 of 3rd period - Stopped by Richard Bachman with a rebound.
7:05 of 3rd period - Wrist shot by Patrice Cormier.
7:05 of 3rd period - Deflect By Enver Lisin.
7:05 of 3rd period - Stopped by Richard Bachman without a rebound.
7:06 of 3rd period - Patrice Cormier wins face-off versus Peter Mueller in Sewer Rats zone.
7:30 of 3rd period - Minor Penalty to Enver Lisin for Tripping.
7:31 of 3rd period - Peter Mueller wins face-off versus Patrice Cormier in Blackdemons zone.
7:36 of 3rd period - Wrist shot by Peter Mueller.
7:36 of 3rd period - Shot Blocked by Matt Hunwick.
7:46 of 3rd period - Slapshot by Matt Irwin.
7:46 of 3rd period - Deflect By Patrice Cormier.
7:46 of 3rd period - Shot Misses the Net.
7:46 of 3rd period - Puck is out of play.
7:47 of 3rd period - Patrice Cormier wins face-off versus Peter Mueller in Sewer Rats zone.
7:50 of 3rd period - Backhand shot by Barry Tallackson.
7:50 of 3rd period - Stopped by Richard Bachman with a rebound.
7:56 of 3rd period - Barry Tallackson is hit by John-Michael Liles and loses puck.
8:18 of 3rd period - Barry Tallackson is hit by Vojtech Polak and loses puck.
9:09 of 3rd period - John-Michael Liles is hit by Steven Zalewski and loses puck.
9:30 of 3rd period - Penalty to Enver Lisin is over, Enver Lisin is back on ice.
9:34 of 3rd period - Slapshot by Andrew MacDonald.
9:34 of 3rd period - Stopped by Richard Bachman without a rebound.
9:35 of 3rd period - Patrice Cormier wins face-off versus Lars Eller in Sewer Rats zone.
10:02 of 3rd period - Wrist shot by Barry Tallackson.
10:02 of 3rd period - Stopped by Richard Bachman without a rebound.
10:03 of 3rd period - Tom Sestito wins face-off versus Shawn Matthias in Sewer Rats zone.
10:03 of 3rd period - Tom Sestito is hit by Michael Haley.
10:31 of 3rd period - Slapshot by Eric Wellwood.
10:31 of 3rd period - Shot Misses the Net.
10:36 of 3rd period - Off-side.
10:37 of 3rd period - Patrice Cormier wins face-off versus Peter Mueller in neutral zone.
10:53 of 3rd period - Icing by Nick Palmieri.
10:54 of 3rd period - Shawn Matthias wins face-off versus Ville Leino in Sewer Rats zone.
11:05 of 3rd period - Snap shot by Peter Mueller.
11:05 of 3rd period - Shot Blocked by Barry Tallackson.
11:07 of 3rd period - Slapshot by Matt Lashoff.
11:07 of 3rd period - Shot Blocked by Matt Irwin.
11:39 of 3rd period - Minor Penalty to Zach Boychuk for High sticking.
11:40 of 3rd period - Peter Mueller wins face-off versus Enver Lisin in Blackdemons zone.
13:39 of 3rd period - Penalty to Zach Boychuk is over, Zach Boychuk is back on ice.
13:44 of 3rd period - Icing by Zach Boychuk.
13:45 of 3rd period - Mathieu Dandenault wins face-off versus Lars Eller in Blackdemons zone.
13:45 of 3rd period - Mathieu Dandenault is hit by Patrick Bordeleau.
14:25 of 3rd period - Slapshot by Steve Oleksy.
14:25 of 3rd period - Shot Misses the Net.
14:27 of 3rd period - Slapshot by Michael Haley.
14:27 of 3rd period - Shot Misses the Net.
14:29 of 3rd period - Wrist shot by Michael Haley.
14:29 of 3rd period - Stopped by Richard Bachman without a rebound.
14:30 of 3rd period - Shawn Matthias wins face-off versus Lars Eller in Sewer Rats zone.
14:51 of 3rd period - Zach Boychuk is hit by Jared Boll.
15:13 of 3rd period - Icing by Tim Ramholt.
15:14 of 3rd period - Shawn Matthias wins face-off versus Peter Mueller in Sewer Rats zone.
15:19 of 3rd period - Wrist shot by Barry Tallackson.
15:19 of 3rd period - Deflect By Ville Leino.
15:19 of 3rd period - Shot Misses the Net.
15:19 of 3rd period - Puck is out of play.
15:20 of 3rd period - Patrice Cormier wins face-off versus Peter Mueller in Sewer Rats zone.
15:21 of 3rd period - Slapshot by Matt Irwin.
15:21 of 3rd period - Goal by Matt Irwin - Sewer Rats : 1 - Blackdemons : 4.
15:22 of 3rd period - Peter Mueller wins face-off versus Patrice Cormier in neutral zone.
15:30 of 3rd period - Minor Penalty to Zach Boychuk for Tripping.
15:31 of 3rd period - Enver Lisin wins face-off versus Peter Mueller in Blackdemons zone.
16:01 of 3rd period - Snap shot by Kyle Turris.
16:01 of 3rd period - Shot Misses the Net.
16:29 of 3rd period - Nick Palmieri is hit by Richard Park and loses puck.
17:07 of 3rd period - Tim Ramholt is hit by Matt Irwin and loses puck.
17:30 of 3rd period - Penalty to Zach Boychuk is over, Zach Boychuk is back on ice.
17:36 of 3rd period - Snap shot by Lars Eller.
17:36 of 3rd period - Deflect By Patrick Bordeleau.
17:36 of 3rd period - Shot Misses the Net.
17:36 of 3rd period - Puck is out of play.
17:37 of 3rd period - Lars Eller wins face-off versus Wayne Primeau in Blackdemons zone.
17:40 of 3rd period - Snap shot by Derek Dorsett.
17:40 of 3rd period - Stopped by Chris Mason without a rebound.
17:41 of 3rd period - Lars Eller wins face-off versus Wayne Primeau in Blackdemons zone.
18:36 of 3rd period - Snap shot by Ville Leino.
18:36 of 3rd period - Stopped by Chris Mason with a rebound.
18:51 of 3rd period - Icing by Nick Palmieri.
18:52 of 3rd period - Shawn Matthias wins face-off versus Lars Eller in Sewer Rats zone.
18:55 of 3rd period - Snap shot by Andrew MacDonald.
18:55 of 3rd period - Shot Misses the Net.
18:57 of 3rd period - Snap shot by Michael Haley.
18:57 of 3rd period - Shot Misses the Net.
18:59 of 3rd period - Snap shot by Barry Tallackson.
18:59 of 3rd period - Shot Misses the Net.
19:01 of 3rd period - Slapshot by Jakub Kindl.
19:01 of 3rd period - Stopped by Richard Bachman with a rebound.
19:03 of 3rd period - Slapshot by Michael Haley.
19:03 of 3rd period - Stopped by Richard Bachman with a rebound.
19:07 of 3rd period - Wrist shot by Barry Tallackson.
19:07 of 3rd period - Shot Misses the Net.
19:17 of 3rd period - Snap shot by Zach Boychuk.
19:17 of 3rd period - Shot Blocked by Steven Kampfer.
19:25 of 3rd period - Wrist shot by Zach Boychuk.
19:25 of 3rd period - Deflect By Enver Lisin.
19:25 of 3rd period - Stopped by Richard Bachman with a rebound.
19:27 of 3rd period - Wrist shot by Patrice Cormier.
19:27 of 3rd period - Stopped by Richard Bachman with a rebound.
19:55 of 3rd period - Wrist shot by Vojtech Polak.
19:55 of 3rd period - Stopped by Chris Mason without a rebound.
19:56 of 3rd period - Shawn Matthias wins face-off versus Kyle Turris in Blackdemons zone.
19:56 of 3rd period - Shawn Matthias is hit by Tim Ramholt.
Goals for this period are 0 for Sewer Rats vs 3 for Blackdemons.
Shots for this period are 7 for Sewer Rats vs 15 for Blackdemons.
Back to the Top